 Dungeon Crawl Stone Soup version 0.28-a0-1190-g77e1c55843 (webtiles) character file.

Game seed: 2580274425740203395

5751 Essalna the Destroyer (level 10, -8/68 HPs)
             Began as a Demonspawn Fire Elementalist on Dec 18, 2021.
             Was a Believer of Vehumet.
             Mangled by Joseph (14 damage)
             ... on level 8 of the Dungeon.
             The game lasted 00:14:52 (9139 turns).

Essalna the Destroyer (DsFE)                        Turns: 9139, Time: 00:14:53

Health: -8/68      AC: 12    Str: 11    XL:     10   Next: 49%
Magic:  2/22       EV: 11    Int: 34    God:    Vehumet [**....]
Gold:   279        SH:  0    Dex: 15    Spells: 18/25 levels left

rFire   . . .      SeeInvis .   w - +11 hand axe "Eclum" {freeze, +Blink Str+3}
rCold   . . .      Faith    .   (no shield)
rNeg    . . .      Spirit   .   G - +0 ring mail of Lies {Int+4}
rPois   .          Reflect  .   m - +1 hat
rElec   .          Harm     .   (no cloak)
rCorr   .          Rampage  .   q - +0 pair of gloves
Will    .....                   k - +0 pair of boots
Stlth   +.........              H - amulet of magic regeneration
HPRegen 0.21/turn               p - +6 ring of intelligence
MPRegen 0.58/turn               y - +4 ring of protection

@: no status effects
A: antennae 1, big brain 2, condensation shield, demonic magic 2
a: Renounce Religion, Evoke Blink


You were on level 8 of the Dungeon.
You worshipped Vehumet.
Vehumet was pleased with you.
You visited 2 branches of the dungeon, and saw 9 of its levels.

You collected 279 gold pieces.

Inventory:

Hand Weapons
 c - a +0 mace
 i - a +2 dagger of venom
 w - the +11 hand axe "Eclum" (weapon) {freeze, +Blink Str+3}
   (You found it on level 4 of the Dungeon)

   It freezes those it strikes, dealing additional cold damage.
   It can also slow down cold-blooded creatures.
   Str:       It affects your strength (+3).
   +Blink:    It lets you blink.
Missiles
 K - 3 throwing nets
Armour
 a - a +0 robe
 k - a +0 pair of boots (worn)
 m - a +1 hat (worn)
 q - a +0 pair of gloves (worn)
 G - the +0 ring mail of Lies (worn) {Int+4}
   (You found it on level 6 of the Dungeon)

   Int:       It affects your intelligence (+4).
Jewellery
 p - a +6 ring of intelligence (left hand)
 y - a +4 ring of protection (right hand)
 H - an amulet of magic regeneration (around neck)
Wands
 s - a wand of flame (46)
 E - a wand of mindburst (13)
 J - a wand of paralysis (9)
 M - a wand of iceblast (12)
Scrolls
 d - 3 scrolls of teleportation {unknown}
 h - 5 scrolls of identify {unknown}
 j - a scroll of summoning {unknown}
 n - a scroll of fog {unknown}
 r - 2 scrolls of vulnerability {unknown}
 t - a scroll of enchant armour {unknown}
 u - a scroll of fear {unknown}
 v - 2 scrolls of immolation {unknown}
 x - 2 scrolls of amnesia {unknown}
 A - a scroll of brand weapon {unknown}
 B - a scroll of blinking {unknown}
 F - a scroll of torment {unknown}
 I - 2 scrolls of enchant weapon {unknown}
 L - a scroll of magic mapping {unknown}
Potions
 b - 2 potions of brilliance {unknown}
 e - a potion of invisibility {unknown}
 f - 3 potions of ambrosia {unknown}
 g - 4 potions of curing {unknown}
 l - 3 potions of flight {unknown}
 o - 3 potions of mutation {unknown}
 z - 2 potions of resistance {unknown}
 C - a potion of might {unknown}
 D - a potion of magic {unknown}


   Skills:
 + Level 2.7 Fighting
 + Level 2.6 Armour
 + Level 3.3 Dodging
 - Level 1.7 Stealth
 + Level 8.2 Spellcasting
 + Level 8.6 Conjurations
 + Level 8.3 Fire Magic


You had 18 spell levels left.
You knew the following spells:

 Your Spells              Type           Power      Damage    Failure   Level
a - Foxfire               Conj/Fire      100%       2x1d9     1%          1
b - Scorch                Fire           100%       2d10      1%          2
c - Flame Wave            Conj/Fire      64%        2d10      2%          4

Your spell library contained the following spells:

 Spells                   Type           Power      Damage    Failure   Level
 Shock                    Conj/Air       100%       1d9       1%          1
 Conjure Flame            Conj/Fire      64%        6-21      1%          3
 Inner Flame              Hex/Fire       42%        N/A       4%          3
 Passwall                 Tmut/Erth      10%        N/A       11%         2
 Swiftness                Air            13%        N/A       22%         3


Dungeon Overview and Level Annotations

Branches:
Dungeon (8/15)             Temple (1/1) D:5
   Lair: D:8-11

Altars:
Ashenzari
Cheibriados
Dithmenos
Elyvilon
Fedhas
Hepliaklqana
Kikubaaqudgha
Makhleb
Nemelex Xobeh
Okawaru
Qazlal
Ru
Sif Muna
Uskayaw
Vehumet
Wu Jian
Xom
Yredelemnul
The Shining One

Annotations:
D:8 Joseph


Innate Abilities, Weirdness & Mutations

You have a pair of small antennae on your head.
You have an extremely huge brain. (Int +4)
A meltable shield of frost defends you. (SH +0)
Spells you cast may paralyse nearby enemies.


Message History

The steam dragon is almost dead.
The flame wave engulfs Joseph!
Joseph is heavily wounded.
You are engulfed in a cloud of scalding steam.
The steam dragon closely misses you.
The steam dragon claws you but does no damage.
A wave of flame ripples out!
The flame wave engulfs the steam dragon!
You kill the steam dragon!
Vehumet accepts your kill.
The flame wave engulfs Joseph.
Joseph is heavily wounded.
You finish channelling waves of flame.
You are engulfed in a cloud of scalding steam.
You hear an angry buzzing noise. x2
Joseph shoots a sling bullet.
The sling bullet hits you but does no damage.
Really walk into that cloud of steam?
Okay, then.
Unknown command.
Unknown command.
Unknown command.
Casting: Flame Wave (dangerous; 2% risk of failure)
Confirm with . or Enter, or press ? or * to list all spells.
Flames lash Joseph.
Joseph is severely wounded.
Joseph's fire resistance burns away.
Malevolent energies surge around you.
Joseph shoots a sling bullet.
The sling bullet hits you!
* * * LOW HITPOINT WARNING * * *
Casting: Scorch (safe; 1% risk of failure)
Confirm with . or Enter, or press ? or * to list all spells.
Flames lash Joseph.
Joseph is burned terribly!
Joseph is almost dead.
Malevolent energies surge around you.
A killer bee comes into view.
Joseph shoots a sling bullet.
The sling bullet hits you!
* * * LOW HITPOINT WARNING * * *
Joseph unwields a +0 hunting sling.
Joseph wields a +0 quarterstaff.
Joseph hits you with a +0 quarterstaff!
You die...

#≈ #..≈#.....### '..
#######...'.###...#
#≈..#..#.$#..≈#######.#
#≈y.#..#..#..≈#..# #.#
#≈.....#.....≈##.## #.#
#≈...§.#.....≈##..###.##
#≈.......§§§.≈###...#.>#
#≈≈≈§§§.≈§≈§≈≈# ###.....
#######@###############.
##.@)..#.....## ##
##.............##
#.........<.....#
#......./.......#
#............o..#
#....<..........#
#....[..........#
#.........D.....#


You could see Joseph (combustible) and a killer bee.

Vanquished Creatures
  Harold (D:7)
  A hydra (D:6)
  A two-headed ogre (D:6)
  Grinder (D:4)
  A hornet (D:8)
  A wyvern (D:8)
  2 steam dragons (D:8)
  Edmund (D:4)
  A black bear (D:6)
  2 orc warriors (D:8)
  2 sky beasts (D:6)
  2 ice beasts (D:7)
  3 necrophages
  4 ogres
  A centaur (D:6)
  A phantom (D:5)
  A kobold brigand (D:7)
  Blork the orc (D:4)
  2 bullfrogs
  3 scorpions
  A water moccasin skeleton (D:4)
  5 wights
  7 howler monkeys
  A jelly (D:6)
  2 orc priests
  A bullfrog skeleton (D:5)
  2 hounds
  A gnoll shaman (D:5)
  A centaur skeleton (D:6)
  An iguana (D:5)
  5 orc wizards
  A killer bee zombie (D:7)
  A hound skeleton (D:4)
  3 gnolls (D:5)
  A howler monkey skeleton (D:7)
  8 adders
  A shadow imp (D:6)
  3 white imps
  3 ufetubi
  An adder skeleton (D:4)
  A worm (D:3)
  A dart slug (D:5)
  16 orcs
  16 endoplasms
  4 giant cockroaches
  9 goblins
  9 hobgoblins
  2 jackals (D:3)
  7 kobolds
  A quokka (D:1)
  10 ball pythons
  7 bats
  4 frilled lizards
  A quokka skeleton (D:4)
  6 rats
175 creatures vanquished.

Vanquished Creatures (others)
  729 foxfires
729 creatures vanquished.

Grand Total: 904 creatures vanquished

Notes
Turn   | Place    | Note
-------+----------+-------------------------------------------
     0 | D:1      | Essalna the Demonspawn Fire Elementalist began the quest
                  | for the Orb.
     0 | D:1      | Reached XP level 1. HP: 13/13 MP: 3/3
   267 | D:1      | Gained mutation: You have an unusually large brain. (Int
                  | +2) [demonic ancestry]
   267 | D:1      | Reached XP level 2. HP: 19/19 MP: 1/5
   509 | D:1      | You fall into a shaft and drop 1 floor!
   582 | D:1      | Found a faded altar of an unknown god.
  1117 | D:1      | Reached XP level 3. HP: 24/24 MP: 3/6
  1773 | D:2      | Learned a level 2 spell: Scorch
  2262 | D:2      | Gained mutation: A meltable shield of frost defends you.
                  | (SH +0) [demonic ancestry]
  2262 | D:2      | Reached XP level 4. HP: 30/30 MP: 0/8
  2764 | D:3      | Found an iron altar of Okawaru.
  3666 | D:3      | Learned a level 4 spell: Flame Wave
  3853 | D:4      | Noticed a necrophage
  3860 | D:4      | Killed a necrophage
  3861 | D:4      | Gained mutation: Spells you cast may paralyse adjacent
                  | enemies. [demonic ancestry]
  3861 | D:4      | Reached XP level 5. HP: 35/35 MP: 2/10
  4025 | D:4      | Reached XP level 6. HP: 33/41 MP: 2/11
  4243 | D:4      | Noticed Edmund
  4252 | D:4      | Killed Edmund
  4410 | D:4      | Gained mutation: Spells you cast may paralyse nearby
                  | enemies. [demonic ancestry]
  4410 | D:4      | Reached XP level 7. HP: 46/46 MP: 7/13
  4515 | D:4      | Identified the +11 hand axe "Eclum" {freeze, +Blink Str+3}
  4578 | D:4      | Noticed Grinder
  4591 | D:4      | Killed Grinder
  4592 | D:4      | Reached skill level 5 in Fire Magic
  4741 | D:4      | Noticed Blork the orc
  4761 | D:5      | Entered Level 5 of the Dungeon
  4858 | D:5      | Reached skill level 5 in Spellcasting
  4858 | D:5      | Reached skill level 5 in Conjurations
  5048 | D:4      | Killed Blork the orc
  5049 | D:4      | Reached XP level 8. HP: 44/52 MP: 10/15
  5239 | D:4      | Found a blossoming altar of Fedhas.
  5309 | D:5      | Found a staircase to the Ecumenical Temple.
  5317 | Temple   | Entered the Ecumenical Temple
  5492 | Temple   | Became a worshipper of Vehumet
  6288 | D:5      | Found a basalt altar of Yredelemnul.
  6290 | D:5      | Found a stormy altar of Qazlal.
  6461 | D:6      | Noticed a two-headed ogre
  6468 | D:6      | Killed a two-headed ogre
  6471 | D:6      | Gained mutation: You have a pair of small antennae on your
                  | head. [demonic ancestry]
  6471 | D:6      | Reached XP level 9. HP: 56/57 MP: 4/18
  6832 | D:6      | Noticed a six-headed hydra
  6838 | D:6      | Killed a six-headed hydra
  6838 | D:6      | Reached * piety under Vehumet
  6838 | D:6      | Offered knowledge of Sandblast by Vehumet.
  7583 | D:6      | Identified the +0 ring mail of Lies {Int+4}
  7681 | D:7      | Found a shimmering blue altar of Sif Muna.
  8006 | D:7      | Reached skill level 1 in Fighting
  8006 | D:7      | Reached skill level 1 in Armour
  8239 | D:7      | Noticed Harold
  8252 | D:7      | Killed Harold
  8253 | D:7      | Gained mutation: You have an extremely huge brain. (Int +4)
                  | [demonic ancestry]
  8253 | D:7      | Reached XP level 10. HP: 27/67 MP: 10/21
  8781 | D:8      | Noticed Joseph
  9004 | D:8      | Reached ** piety under Vehumet
  9004 | D:8      | Offered knowledge of Shock by Vehumet.
  9139 | D:8      | Mangled by Joseph

Illustrated notes

Levels and vault maps discovered:
D:1:      minmay_arrival_loop, layout_basic, nicolae_ecumenical_snake_handling,
          chequers_serial_rivers_large_a
D:2:      layout_loops_ring
D:3:      layout_loops_ring, nicolae_overflow_squiral, corexii_corridor_pit,
          minmay_distorted
D:4:      layout_rooms, mainiacjoe_overflow_six_doors_small,
          mainiacjoe_overflow_alcove_1, chequers_mini_garden, uniq_edmund,
          uniq_blork_the_orc, uniq_grinder
D:5:      layout_loops_ring, nicolae_overflow_hidden_temple,
          minmay_temple_entry_trees
D:6:      minmay_razor_zed, layout_layer_cave
D:7:      layout_gridville, led_sif_book, uniq_harold
D:8:      layout_rooms, mainiacjoe_overflow_cross_hatched,
          kennysheep_generic_room_16, uniq_joseph
Temple:   nicolae_temple_figure_eight

Skill      XL: |  1  2  3  4  5  6  7  8  9 10 |
---------------+-------------------------------+-----
Fire Magic     | 3 4 5 6 8 |  8.3
Conjurations   | 2 3 4 5 6 8 |  8.6
Spellcasting   | 3 4 5 6 7 8 |  8.2
Dodging        | 2 3 |  3.3
Fighting       | 1 2 |  2.7
Armour         | 1 2 |  2.6
Stealth        | |  1.7

Action                   |  1- 3 |  4- 6 |  7- 9 | 10-12 || total
-------------------------+-------+-------+-------+-------++-------
Melee: Unarmed           |     9 |       |       |       ||     9
       Mace              |     8 |       |       |       ||     8
       Dagger            |    10 |    11 |       |       ||    21
       Hand axe          |       |       |    40 |    16 ||    56
 Cast: Foxfire           |    90 |   121 |   183 |    41 ||   435
       Scorch            |       |       |    47 |     9 ||    56
       Flame Wave        |       |       |       |     5 ||     5
 Stab: Sleeping          |     3 |       |       |       ||     3
       Paralysed         |       |     2 |       |     6 ||     8
Armor: Robe              |     6 |     4 |    34 |       ||    44
       Ring mail         |       |       |       |    14 ||    14
Dodge: Dodged            |    22 |     6 |    39 |    21 ||    88
Block: Other             |       |     1 |    10 |       ||    11

Table legend: (Time is in decaauts)
 A = Elapsed time spent in this place.
 B = Non-inter-level travel time spent in this place.
 C = Inter-level travel time spent in this place.
 D = Time resting spent in this place.
 E = Time spent auto-exploring this place.
 F = Levels seen in this place.
 G = Mean time per level.
                   A        B        C        D        E       F      G
               +--------+--------+--------+--------+--------+-----+--------+
         Total |   9166 |   8829 |    337 |    128 |   7474 |   9 | 1018.4 |
       Dungeon |   8971 |   8655 |    316 |    128 |   7303 |   8 | 1121.4 |
        Temple |    194 |    173 |     21 |      0 |    171 |   1 |  194.0 |
               +--------+--------+--------+--------+--------+-----+--------+

Top non-repeatable levels by time:
     D:1: 1590 daAuts
     D:6: 1341 daAuts
     D:7: 1276 daAuts
     D:4: 1198 daAuts
     D:2: 1143 daAuts
     D:5: 1137 daAuts
     D:3: 1125 daAuts
  Temple: 194 daAuts
     D:8: 159 daAuts
